AoeStats
← Unchained96

Nomad

509896701Analyzed
3v3 RM · 5d ago on Sep 28, 2026· 31m 42s· 6 players
Game mode
Random Map
Map size
210×210
Population
200
Speed
Normal
Resources
Standard
Victory
Conquest
Starting age
Dark Age
Ending age
Imperial Age
RankedLock teamsTeams togetherTeam positionsShared explorationLock speedFull tech treeHidden civsTurbo modeCheats
Victory
Defeat
🇭🇰 Varangians · Hong Kong SAR China
1260
+16
🇨🇳 Mapuche · China
1258
+16
🇦🇺 Danes · Australia
1086
+23
🇨🇳 Hindustanis · China
1268
-19
🇫🇷 Byzantines · France
1265
-19
🇵🇪 Mongols · Peru
1213
-17
Alfeternale
5:57 Loom
13:43 Feudal Age
18:28 Castle Age
18:42 Forging
18:48 Fishing Lines
20:16 Medium Warships
19:53 Double-Bit Axe
21:05 Iron Casting
20:12 Horse Collar
20:39 Scale Barding Armor
20:37 Scale Mail Armor
22:28 Wheelbarrow
21:49 Gold Mining
23:28 Chain Mail Armor
23:55 Squires
25:12 Gambesons
27:22 Bow Saw
27:58 Arson
30:11 Hand Cart
31:30 Gold Shaft Mining
Execute290
4:58 Loom
12:18 Feudal Age
16:37 Castle Age
16:05 Double-Bit Axe
18:22 Fletching
23:12 Bow Saw
22:45 Horse Collar
23:08 Bodkin Arrow
25:08 Padded Archer Armor
12014665
5:07 Loom
13:25 Feudal Age
17:17 Castle Age
16:06 Double-Bit Axe
18:11 Wheelbarrow
18:24 Bow Saw
21:32 Scale Barding Armor
22:12 Forging
22:21 Horse Collar
23:10 Chain Barding Armor
26:15 Bloodlines
27:13 Husbandry
29:48 Hand Cart
29:34 Gold Mining
33:47 Imperial Age
30:57 Light Cavalry
32:44 Iron Casting
Unchained96
8:21 Loom
12:51 Feudal Age
15:18 Fishing Lines
16:14 Double-Bit Axe
20:41 Castle Age
19:45 Horse Collar
22:40 Bow Saw
23:30 Gillnets
23:56 Scale Mail Armor
24:06 Forging
24:44 Wheelbarrow
25:42 Chain Mail Armor
26:03 Iron Casting
25:16 Arson
25:31 Squires
27:16 Gambesons
30:18 Hamask
naturalandre12
4:09 Loom
14:33 Feudal Age
16:04 Wheelbarrow
19:47 Castle Age
18:24 Forging
18:56 Bloodlines
19:27 Scale Barding Armor
19:42 Double-Bit Axe
21:51 Bow Saw
28:36 Hand Cart
29:44 Squires
29:50 Squires
30:22 Horse Collar
ppeng
4:27 Loom
14:51 Feudal Age
18:47 Castle Age
16:47 Double-Bit Axe
17:20 Gold Mining
17:27 Stone Mining
19:04 Fletching
20:39 Bodkin Arrow
22:23 Padded Archer Armor
23:29 Wheelbarrow
22:39 Town Watch
24:32 Elite Skirmisher
25:31 Leather Archer Armor
29:08 Fishing Lines
30:06 Bow Saw
Connection lost

Rejoining the realm…

Still unreachable

The connection could not be restored.

Session expired

The server has moved on; the page needs a fresh start.